cohdb
Replays
Latest Replays
All Replays
Popular Replays
Top Player Replays
Match Explorer
How It Works
Community
CoH3 Stats
Reddit
Sign in to upload your games and track your stats! →
Sign in with Steam
Match 46656756
Unlisted
Match 46656756
Overview
Messages
Build Orders
End
Panzergrenadier Squad
Selects Italian Infantry
250 Light Carrier
Panzergrenadier Squad
Construct Light Support Kompanie
Selects Defensive Operations
MG34 Team
Fire Support Elements
Combat Half-tracks
Flakvierling Half-track
Panzerjäger Mechanized Group
Vehicle Survival Package
Construct Panzerarmee Kommand
Flak 36 Anti-tank Gun Team
Selects Prepared Positions
Emergency Repair Kits
Armored Reserves
Panzer IV Assault Group
Panzergrenadier Squad
Panzergrenadier Squad
i_did_NAT_hit_her
zingus23
yesman55
rocketpossum
0
0
Comments
sign in to comment!
No comments posted yet!